 Dungeon Crawl Stone Soup version 0.24-a0-549-g45f0056d81 (webtiles) character file.

Game seed: 416196573272584538

125 Gargoyl the Skirmisher (level 4, 0/40 HPs)
             Began as a Centaur Abyssal Knight on Aug 19, 2019.
             Was a Believer of Lugonu.
             Slain by Sigmund
             ... wielding a +0 scythe
              (7 damage)
             ... on level 3 of the Dungeon.
             The game lasted 00:04:10 (2566 turns).

Gargoyl the Skirmisher (Centaur Abyssal Knight)     Turns: 2566, Time: 00:04:10

Health: 0/40       AC:  8    Str: 15    XL:     4   Next: 82%
Magic:  0/6        EV:  6    Int: 11    God:    Lugonu [**....]
Gold:   32         SH:  3    Dex:  9    Spells: 3/3 levels left

rFire    . . .     SeeInvis .   l - +1 war axe (freeze)
rCold    . . .     Gourm    .   g - +0 buckler
rNeg     . . .     Faith    .   e - +0 scale mail
rPois    .         Spirit   +   d - +0 helmet
rElec    .         Reflect  .   (no cloak)
rCorr    +         Harm     .   i - +0 pair of gloves
MR       .....     Rnd*Tele +   (no barding)
Stlth    ..........             h - amulet of guardian spirit
HPRegen  0.13/turn              f - ring of teleportation (curse)
MPRegen  0.10/turn              b - ring of resist corrosion

@: very quick
A: large, hooves 3, deformed body, speed 2, tough skin 3
a: Depart the Abyss, Bend Space, Renounce Religion


You were on level 3 of the Dungeon.
You worshipped Lugonu.
Lugonu was pleased with you.
You were not hungry.

You visited 1 branch of the dungeon, and saw 3 of its levels.
You visited the Abyss 1 time.

You collected 32 gold pieces.

Inventory:

Hand Weapons
 a - a +1 hand axe
 l - a +1 war axe of freezing (weapon)
Armour
 d - a +0 helmet (worn)
 e - a +0 scale mail (worn)
 g - a +0 buckler (worn)
 i - a +0 pair of gloves (worn)
Jewellery
 b - a ring of resist corrosion (right hand)
 f - a cursed ring of teleportation (left hand)
 h - an amulet of guardian spirit (around neck)
Scrolls
 n - 3 scrolls of teleportation
 o - a scroll of fear
Potions
 j - a potion of haste {unknown}
 k - 3 potions of curing {unknown}
Comestibles
 c - 5 rations


   Skills:
 + Level 3.7 Fighting
 + Level 2.6 Axes
 * Level 2.1 Armour
 + Level 1.1 Dodging
 * Level 0.6 Shields
 * Level 2.7 Invocations


You had 3 spell levels left.
You didn't know any spells.
Your spell library was empty.

Dungeon Overview and Level Annotations

Branches:
Dungeon (3/15)

Altars:
Ru
Wu Jian
The Shining One

Annotations:
D:3 Sigmund


Innate Abilities, Weirdness & Mutations

You have hooves in place of feet.
Armour fits poorly on your strangely shaped body.
You cover ground very quickly.
You have extremely tough skin. (AC +3)


Message History

The magic dart hits you!
You see here a giant cockroach corpse.
All of the chunks of flesh in your inventory have rotted away.
You hear some strange, mumbled words.
A magic dart appears from out of thin air!
The magic dart hits you!
You completely miss something. Something hits you!
Your scale mail prevents you from hitting something.
Your kick misses something. Something hits you.
You closely miss something.
You hear some strange, mumbled words.
A magic dart appears from out of thin air!
The magic dart hits you.
You closely miss something. Your kick misses something.
You hear some strange, mumbled words.
Something tries to affect you, but you resist.
You slash something! You freeze something. Something hits you!
* * * LOW HITPOINT WARNING * * *
You barely miss something. Something hits you!
You die...

.##.# ##..####.
.....## ##....#...
.#.#..###.(.#.....
.........)..<....
#.#..#....####...
#### #.#....##.# ..
.....###..#.#..#.###
. ##.....##...)....#
#...{@..†.#......#
....#.#.###.##._8_..#
# #. #.. ...........
# ######..........
#.#..###. .....
.....% ...


There were no monsters in sight!

Vanquished Creatures
  3 gnolls (D:2)
  2 adders (D:2)
  An ooze (D:1)
  A worm (D:2)
  A leopard gecko (D:2)
  9 bats
  5 giant cockroaches
  15 hobgoblins
  11 jackals
  3 quokkas (D:2)
  4 frilled lizards
  2 goblins (D:2)
  2 kobolds (D:1)
  6 rats
65 creatures vanquished.

Notes
Turn   | Place    | Note
-------+----------+-------------------------------------------
     0 | Abyss:1  | Gargoyl the Centaur Abyssal Knight began the quest for the
                  | Orb.
     0 | Abyss:1  | Reached XP level 1. HP: 19/19 MP: 2/2
    56 | Abyss:1  | Noticed a wight
   102 | Abyss:1  | Noticed a small abomination
   103 | Abyss:1  | Noticed a rust devil
   109 | Abyss:1  | Found a corrupted altar of Lugonu.
   126 | Abyss:1  | Noticed an ophan
   136 | Abyss:1  | Noticed a small abomination
   148 | Abyss:1  | Noticed a guardian serpent
   151 | D:1      | Escaped the Abyss
   159 | D:1      | Reached * piety under Lugonu
   165 | D:1      | Reached XP level 2. HP: 14/26 MP: 3/3
   636 | D:1      | Reached XP level 3. HP: 6/31 MP: 4/4
  1007 | D:1      | Reached skill level 1 in Dodging
  1362 | D:2      | Reached XP level 4. HP: 6/39 MP: 1/5
  1620 | D:2      | Found a sacrificial altar of Ru.
  2280 | D:2      | Reached ** piety under Lugonu
  2528 | D:3      | Found a glowing golden altar of the Shining One.
  2530 | D:3      | Found an ornate altar of the Wu Jian Council.
  2555 | D:3      | Noticed Sigmund
  2566 | D:3      | Slain by Sigmund

Levels and vault maps discovered:
D:1:      psy_arrival_whirlpool, layout_rooms, hangedman_decor_growths
D:2:      layout_basic, nicolae_overflow_crystal_walls
D:3:      layout_rooms, chequers_temple_overflow_statue_of_worship,
          first_ration, uniq_natasha, uniq_sigmund, uniq_terence

Skill      XL: |  1  2  3  4 |
---------------+-------------+-----
Axes           | 2 |  2.6
Dodging        | 1 |  1.1
Armour         | 2 |  2.1
Fighting       | |  3.7
Shields        | |  0.6
Invocations    | |  2.7

Action                   |  1- 3 |  4- 6 || total
-------------------------+-------+-------++-------
Melee: Hand axe          |   115 |     2 ||   117
       Kick              |    13 |     9 ||    22
       War axe           |       |    58 ||    58
Invok: Depart the Abyss  |     1 |       ||     1
  Use: Potion            |     1 |       ||     1
       Scroll            |     3 |     1 ||     4
 Stab: Invisible         |     1 |       ||     1
  Eat: Chunk             |     1 |     3 ||     4
Armor: Leather armour    |    12 |       ||    12
       Scale mail        |    97 |    53 ||   150
Dodge: Dodged            |    61 |    37 ||    98
Block: Buckler           |    12 |    10 ||    22

Table legend:
 A = Non-vault XP
 B = Vault XP
 C = Vault XP percentage of total XP
 D = Non-vault monster count
 E = Vault monster count
 F = Vault count percentage of total count
                 A         B        C        D         E       F
            +---------+---------+-------+---------+---------+-------
      Total |     179 |       0 |   0.0 |      65 |       0 |   0.0
            +---------+---------+-------+---------+---------+-------
        D:1 |      55 |       0 |   0.0 |      31 |       0 |   0.0
        D:2 |     111 |       0 |   0.0 |      27 |       0 |   0.0
        D:3 |      13 |       0 |   0.0 |       7 |       0 |   0.0
            +---------+---------+-------+---------+---------+-------
